[Event "*** Titled Tuesday Blitz"]
[Site "Chess.com"]
[Date "2021.02.02"]
[Round "8"]
[White "Brave_spirit12"]
[Black "leoduarte"]
[Result "0-1"]
[WhiteElo "2481"]
[BlackElo "2365"]
[TimeControl "180+1"]
[EndTime "11:31:34 PST"]
[Termination "leoduarte won by resignation"]

1. e4 c5 2. c3 Nf6 3. e5 Nd5 4. d4 cxd4 5. cxd4 d6 6. Nf3 Nc6 7. Nc3 Nxc3 8. bxc3 e6 9. Bd3 Be7 10. h4 h6 11. Qe2 dxe5 12. dxe5 Qc7 13. h5 b6 14. O-O Bb7 15. Bf4 Rc8 16. Rac1 Na5 17. Rfd1 O-O 18. Nd4 Bg5 19. Bxg5 hxg5 20. h6 gxh6 21. Qh5 Qxe5 22. Qxh6 Qg7 23. Qh3 Bd5 24.
a4 Nc4 25. Re1 Nb2 26. Bb1 Nxa4 27. Re5 Rfd8 28. f4 gxf4 29. Rh5 Nxc3 30. Nf3 Ne2+ 31. Kh2 Bxf3 32. Rxc8 Qg3+ 33. Qxg3+ fxg3+ 34. Kh3 Nf4+ 35. Kh4 Ng6+ 36. Kxg3 Rxc8 37. gxf3 Kg7 38. Be4 Rc5 39. Rh1 Ra5 40. Rd1 f5 41. Bc6 Kf6 42. Rd8 Ne5 43. Bb7 Ra3 44. Re8 Nc4 45. Bc8 e5 46. Re6+ Kf7 47.
Rh6 Nd2 48. Bxf5 e4 49. Rh7+ Kf6 50. Bg4 exf3 51. Kf4 f2 52. Rh6+ Ke7 53. Re6+ Kd8 54. Rf6 Kc7 55. Ke5 f1=Q 56. Re6 Qe1+ 57. Kf6 Qxe6+ 58.
Bxe6 b5 59. Ke5 b4 60. Kd5 b3 61. Kd4 b2 62. Bf5 b1=Q 63. Bxb1 Nxb1 64. Kc4 Nc3 65. Kb4 Ra6 66. Kc5 Rb6 67. Kc4 Kb7 68. Kc5 Nb5 69.
Kc4 Nc7 70. Kc5 a5 71. Kc4 a4 72. Kc5 a3 73. Kc4 a2 74. Kc5 a1=Q 75. Kc4 Qc1+ 76.
Kd4 Rd6+ 0-1

[Event "*** Titled Tuesday Blitz"]
[Site "Chess.com"]
[Date "2021.02.02"]
[Round "8"]
[White "Snowflake"]
[Black "xberli"]
[Result "0-1"]
[WhiteElo "2340"]
[BlackElo "2497"]
[TimeControl "180+1"]
[EndTime "11:31:36 PST"]
[Termination "xberli won by checkmate"]

1. e4 e5 2. Nf3 Nc6 3. Bb5 Nf6 4. d3 Bc5 5. Bxc6 dxc6 6. h3 Nd7 7. O-O f6 8. Re1 Nf8 9. Be3 Ne6 10. Nbd2 Qe7 11. Nf1 Bd7 12. c3 O-O-O 13. d4 Bb6 14. Qb3 Kb8 15. a4 exd4 16. cxd4 Bc8 17. Red1 Ba5 18. Rac1 g5 19. Rxc6 h5 20. d5 g4 21. hxg4 hxg4 22. N3h2 Ng5 23. Rc5 Bb6 24. Rc4 Nxe4 25. a5 Bxe3 26.
Qxe3 g3 27. Nxg3 Rxh2 28. Kxh2 Qh7+ 29. Kg1 Nxg3 30. fxg3 Rh8 31. Kf2 f5 32. Qf4 Qg7 33. Rd2 Rd8 34. Rdc2 Rd7 35. a6 b6 36. d6 c5 37. Rd2 Bxa6 38. Rc1 Bb7 39. Re1 Bc6 40. Re8+ Kb7 41. Re6 Qf7 42. Qe5 a5 43. Re7 Qg8 44.
Rxd7+ Bxd7 45. Qd5+ Qxd5 46. Rxd5 Kc6 47. Rd2 b5 48. Ke3 a4 49. Kf4 b4 50. Ke5 Kb5 51.
Kf6 Kc6 52. Ke7 c4 53. Rd4 Kc5 54. Rf4 Bc6 55. d7 Bxd7 56. Kxd7 a3 57. bxa3 bxa3 58. Rxf5+ Kb4 59. Rf2 Kb3 60. Kd6 a2 61. Rf1 c3 62.
Kd5 Kb2 63. Kd4 c2 64. Rf6 c1=Q 65. Rb6+ Ka1 66. Rb3 Qd1+ 67. Rd3 Qxd3+ 68. Kxd3 Kb1 69. Ke4 a1=Q 70. Kf5 Qg7 71. g4 Kc2 72. g5 Kd3 73.
g6 Ke3 74. Kg5 Ke4 75. g4 Ke5 76. Kh5 Kf6 77. g5+ Kf5 78. Kh4 Qxg6 79. Kg3 Qxg5+ 80. Kh3 Kf4 81. Kh2 Kf3 82. Kh1 Qg2# 0-1

[Event "*** Titled Tuesday Blitz"]
[Site "Chess.com"]
[Date "2021.02.02"]
[Round "8"]
[White "annacramling"]
[Black "ybruned"]
[Result "1-0"]
[WhiteElo "2121"]
[BlackElo "2298"]
[TimeControl "180+1"]
[EndTime "11:31:36 PST"]
[Termination "annacramling won by resignation"]

1. d4 Nf6 2. c4 e6 3. Nc3 Bb4 4.
Qc2 O-O 5. e4 d5 6. e5 Ne4 7. cxd5 exd5 8. Bd3 c5 9. Nf3 cxd4 10.
Nxd4 Nc6 11. Nxc6 bxc6 12. O-O Bxc3 13. bxc3 Qh4 14. c4 Be6 15. g3 Qh5 16. Bxe4 dxe4 17.
Qxe4 Qg4 18. Qxg4 Bxg4 19. Ba3 Rfd8 20. Bd6 Bf3 21. c5 Rd7 22. Rab1 g6 23. Rfe1 Kg7 24. Re3 Bd5 25. Rb2 Re8 26. Ra3 h5 27. h4 Re6 28.
Rb8 f6 29. f4 fxe5 30. Bxe5+ Kf7 31. Ra8 Ree7 32. Bd6 Re1+ 33. Kf2 Rc1 34. R3xa7 Rxa7 35. Rxa7+ Ke6 36. Re7+ Kf5 37. Re5+ Kg4 38. Rg5+ Kh3 39. Rxg6 Rc2+ 40. Ke3 Rxa2 41. f5 Ra3+ 42. Kd4 Ra4+ 43. Ke5 Re4+ 44. Kf6 Rg4 45. Rxg4 Kxg4 46. Bf4 Be4 47.
Ke5 Bxf5 48. Kd6 Bc2 49. Kxc6 Ba4+ 50. Kd6 Kf5 51. c6 Bxc6 52. Kxc6 Kg6 53. Kd5 Kf5 54. Kd4 Ke6 55. Ke4 Kf6 56. Bg5+ Kg6 57. Ke5 Kf7 58. Kf5 Kg7 59. Bf6+ Kh6 60. Bd8 Kh7 61. Kg5 Kg7 62.
Kxh5 Kh7 63. Kg5 Kg7 64. h5 Kh7 65. g4 Kg7 66. Kf5 Kh6 67. g5+ Kxh5 68. g6 1-0

[Event "*** Titled Tuesday Blitz"]
[Site "Chess.com"]
[Date "2021.02.02"]
[Round "8"]
[White "NaciSAN"]
[Black "enriquetejedor"]
[Result "1/2-1/2"]
[WhiteElo "2324"]
[BlackElo "2516"]
[TimeControl "180+1"]
[EndTime "11:31:40 PST"]
[Termination "Game drawn - insufficient material"]

1. e4 e5 2. Nf3 Nc6 3. Bb5 a6 4. Bxc6 dxc6 5. d4 exd4 6. Qxd4 Qxd4 7. Nxd4 c5 8. Ne2 Bd7 9. Nbc3 O-O-O 10. Be3 Ne7 11.
Bxc5 b6 12. Be3 f5 13. O-O-O fxe4 14. Nxe4 Nf5 15. Bg5 Re8 16. N2g3 h6 17. Bd2 Nxg3 18. Nxg3 Bc5 19. f3 Re6 20. Rhe1 Rhe8 21. Rxe6 Rxe6 22. Re1 Rg6 23. Bf4 h5 24. Re2 Bb5 25. Rd2 h4 26.
Ne4 Be7 27. g3 hxg3 28. hxg3 Bc6 29. Re2 Re6 30. Kd2 Bb4+ 31. c3 Bf8 32. Ng5 Re8 33. Rxe8+ Bxe8 34. Ne6 Be7 35. Nxg7 Bg6 36. Ne6 c5 37.
Be5 Bf7 38. Nf4 Bxa2 39. Nd3 Bd5 40. f4 Be6 41. Nf2 Kd7 42. g4 Bh4 43. Ke2 Bxf2 44. Kxf2 Bxg4 45. Ke3 Kc6 46. Kd2 Bf5 47. b3 Be6 48. c4 Bf5 49. Kc3 Bg4 50. Bb8 Bf5 51. Be5 Bg4 52. Bb8 a5 53. Be5 Kd7 54. Bb8 Bf3 55.
Be5 Kc8 56. Bd6 Bc6 57. Be5 Kd7 58. f5 Be4 59. f6 Bg6 60. Bf4 Be8 61. Be5 Kc6 62.
Bg3 Bf7 63. Kd2 Be8 64. Ke3 Kd7 65. Ke4 Bg6+ 66. Ke5 Bc2 67. f7 Ke7 68. Bh4+ Kxf7 69. Kd6 Bxb3 70. Kc6 a4 71. Kxb6 a3 72. Be1 Bxc4 73.
Kxc5 a2 74. Bc3 Be6 75. Kb4 Ke7 76. Ka3 a1=Q+ 77. Bxa1 1/2-1/2

[Event "*** Titled Tuesday Blitz"]
[Site "Chess.com"]
[Date "2021.02.02"]
[Round "8"]
[White "ozates"]
[Black "horripile"]
[Result "1/2-1/2"]
[WhiteElo "2504"]
[BlackElo "2709"]
[TimeControl "180+1"]
[EndTime "11:31:42 PST"]
[Termination "Game drawn - insufficient material"]

1. e4 c5 2. Nf3 Nc6 3. Bb5 e6 4. Bxc6 bxc6 5. b3 Ne7 6. Bb2 Ng6 7. e5 Be7 8. O-O O-O 9. Re1 f6 10. Na3 fxe5 11. Nxe5 Nxe5 12. Bxe5 d6 13. Bg3 e5 14. Nc4 Be6 15. Qe2 Qd7 16. Rad1 Rae8 17. c3 Bg4 18. f3 Bf5 19. Ne3 Bg6 20. Qa6 Bd8 21. Nc4 Re6 22. d4 exd4 23. Rxe6 Qxe6 24. Qxc6 dxc3 25.
Re1 Qf6 26. Bxd6 c2 27. Qd5+ Bf7 28. Qd2 Bxc4 29. Bxf8 Qd4+ 30. Qxd4 cxd4 31. Bb4 Ba6 32. Bd2 Bb6 33. Kf2 d3+ 34. Kg3 Bc7+ 35. Kf2 Bb6+ 36.
Kg3 Kf7 37. b4 Bb7 38. a4 Bd4 39. Kf4 a6 40. b5 axb5 41. axb5 Bd5 42. b6 Bxb6 43. Ke5 Bb7 44. Kd6 Kf8 45. Kd7 Bf2 46. Ra1 Bd5 47. Kd6 Bc4 48. Ke5 Bc5 49. Ra8+ Kf7 50.
Rd8 Be7 51. Rc8 Bf6+ 52. Kf4 Ba6 53. Ke3 Be7 54. Rc7 Bb5 55. Rc3 Ke6 56. Rxd3 Bxd3 57. Kxd3 Kf5 58. Kxc2 Kg6 59. Kd3 Kf7 60. Ke2 Bf8 61.
Kf2 Be7 62. g3 g6 63. Be3 h5 64. h4 Bf6 65. Kg2 Bg7 66. Bf4 Ke6 67. Kh3 Kf5 68. Bg5 Be5 69. g4+ Ke6 70. Kg2 Bg7 71. Kf2 Bd4+ 72. Ke2 Be5 73. Ke3 Kd5 74. f4 Bd4+ 75.
Kf3 hxg4+ 76. Kxg4 Ke4 77. h5 gxh5+ 78. Kxh5 Kf5 79.
Kh4 Be3 80. Kh3 Bxf4 1/2-1/2

[Event "*** Titled Tuesday Blitz"]
[Site "Chess.com"]
[Date "2021.02.02"]
[Round "8"]
[White "Kretov_Evgenij"]
[Black "Zmeeed63"]
[Result "0-1"]
[WhiteElo "2544"]
[BlackElo "2400"]
[TimeControl "180+1"]
[EndTime "11:31:47 PST"]
[Termination "Zmeeed63 won by resignation"]

1. d4 d5 2. c4 e6 3. Nc3 c6 4. e3 Nf6 5. Nf3 Nbd7 6. Bd3 dxc4 7. Bxc4 b5 8. Be2 Bb7 9. O-O a6 10. e4 c5 11. e5 Nd5 12. Ne4 cxd4 13. Bg5 Qb8 14. a4 b4 15. Qxd4 h6 16. Bh4 Qa7 17. Qd2 Nc5 18. Ng3 g5 19. Nxg5 hxg5 20. Bxg5 Nb3 21.
Qc2 Nxa1 22. Rxa1 Be7 23. Bd2 Rc8 24. Qb3 Qd4 25. Be1 Qxe5 26. Bf1 Nf4 27. Bxb4 Qd5 28. Qa3 Bxb4 29. Qxb4 Nxg2 30. Rd1 Qxd1 31. Qxb7 Qd7 32. Qxa6 Rc6 33. Qa8+ Qc8 34. Qxc8+ Rxc8 35. Kxg2 Ke7 36. b4 Rb8 37. b5 Rh4 38. a5 Rb4 39.
b6 Ra4 40. a6 Rxb6 41. Kf3 Rb2 42. h4 Ra3+ 43. Kg2 Rb4 44. h5 Kf6 45. Be2 Kg5 46. Kh3 f5 47. Kg2 Rb6 48. Nf1 e5 49. Ne3 Rbxa6 50. Bxa6 Rxa6 51. Nc4 Re6 52. Kf3 Kxh5 53.
Ke3 Kg5 54. f3 Kf6 55. Nd2 Rc6 56. Nf1 Ra6 57. Nd2 Ra3+ 58. Ke2 Ra2 59. Ke3 Kg5 60. Nc4 Ra4 61. Nxe5 Ra3+ 62. Nd3 f4+ 63. Ke4 Ra4+ 64. Ke5 Ra5+ 65. Ke4 Ra8 66. Ke5 Re8+ 67. Kd4 Kf5 68. Nb4 Re3 69. Nc6 Rxf3 70. Ne7+ Kg4 71. Nd5 Rf1 72. Ke4 Re1+ 73. Kd3 Kg3 74. Nf6 f3 75. Nh5+ Kg2 76. Nf4+ Kg3 77. Nh5+ Kg4 78. Nf6+ Kf5 79. Nh5 f2 80. Ng3+ Kg4 81. Ne4 f1=Q+ 82. Kd4 Rxe4+ 83. Kxe4 Qf4+ 0-1

[Event "*** Titled Tuesday Blitz"]
[Site "Chess.com"]
[Date "2021.02.02"]
[Round "8"]
[White "TregubovP"]
[Black "Supernotar"]
[Result "0-1"]
[WhiteElo "2594"]
[BlackElo "2780"]
[TimeControl "180+1"]
[EndTime "11:31:53 PST"]
[Termination "Supernotar won by resignation"]

1. e4 c6 2. Nf3 d5 3. Nc3 Bg4 4. h3 Bxf3 5. Qxf3 e6 6. g3 dxe4 7.
Nxe4 Nd7 8. Bg2 Ngf6 9. O-O Nxe4 10. Qxe4 Nf6 11. Qe2 Be7 12. Rd1 O-O 13. d4 Qb6 14.
c4 Rfd8 15. Be3 Qc7 16. Rab1 Rd7 17. b4 a6 18. a4 Rad8 19. b5 axb5 20. axb5 h6 21. b6 Qc8 22. Ra1 Bf8 23. Qf3 c5 24.
dxc5 Bxc5 25. Rxd7 Rxd7 26. Ra7 Bxe3 27. Qxe3 Qxc4 28.
Rxb7 Rxb7 29. Bxb7 Qb4 30. Kg2 Nd7 31. Qc1 Nxb6 32.
Qc7 Qd4 33. Bf3 g6 34. Qe7 Kg7 35. Bc6 Nd5 36. Qd7 Qe4+ 37. Kg1 Qe1+ 38. Kg2 Qe5 39. h4 Nf6 40. Qb7 Qf5 41. Bf3 g5 42. hxg5 hxg5 43. Qb4 Nd7 44. Qd4+ Ne5 45. Be4 Qf6 46. Bb7 Ng6 47.
Qxf6+ Kxf6 48. Ba8 Ke5 49. Bb7 Ne7 50. Ba8 Nd5 51.
Bc6 f6 52. Bb7 Nb4 53. Ba8 Na2 54. Bc6 Nc1 55. Bd7 Kd5 56. Kf3 Nb3 57. Ke3 Nc5 58.
Bb5 Ke5 59. f4+ gxf4+ 60. gxf4+ Kf5 61. Bc4 Nb7 62. Bf1 Kg4 63. Be2+ Kg3 64. Bc4 Nd8 65. Bb3 Kg4 66. Bc4 Kf5 67. Bd3+ Kg4 68. Bc4 Kh5 69. Ke4 Kg6 70. f5+ exf5+ 71. Kf4 Nc6 72. Be6 Ne7 73. Bd7 Nd5+ 74. Kf3 Kg5 75. Bc6 Ne7 76.
Bb7 f4 77. Be4 f5 78. Bb7 Ng6 79. Bd5 Ne5+ 80. Kf2 Kg4 81. Bb7 f3 82. Ba6 Kf4 83.
Bf1 Ng4+ 84. Ke1 Ke3 0-1

[Event "*** Titled Tuesday Blitz"]
[Site "Chess.com"]
[Date "2021.02.02"]
[Round "8"]
[White "Tpros"]
[Black "zimmm36"]
[Result "0-1"]
[WhiteElo "2478"]
[BlackElo "2140"]
[TimeControl "180+1"]
[EndTime "11:31:55 PST"]
[Termination "zimmm36 won on time"]

1. c4 c5 2. Nc3 Nc6 3. g3 g6 4.
Bg2 Bg7 5. d3 e6 6. Be3 b6 7.
Qd2 Bb7 8. h4 h5 9. Nh3 Nge7 10.
Nf4 Nf5 11. Nb5 a6 12. Nc3 Nxe3 13. Qxe3 Qe7 14. Qd2 O-O 15. O-O Rab8 16. Rab1 d6 17.
a3 a5 18. e3 Rfd8 19. Rfe1 Qf6 20. Ne4 Qe5 21. Ne2 d5 22. cxd5 exd5 23. f4 Qe7 24.
Ng5 Ba6 25. Kh2 Rbc8 26. Bh3 Rc7 27. Qc2 Qxe3 28. Nc3 Qxd3 29. Qb3 Rb8 30. Rbd1 Bc4 31. Rxd3 Bxb3 32. Nxd5 Bxd5 33. Rxd5 Bxb2 34. a4 Bf6 35. Ne4 Be7 36. f5 Rd8 37. Nc3 Kg7 38. fxg6 fxg6 39. Re6 Bf6 40. Nb5 Rxd5 41. Nxc7 Rd2+ 42. Kh1 Nd4 43.
Rd6 Nf3 44. Rd7+ Rxd7 45. Bxd7 c4 46. Nd5 c3 47. Ne3 Nd4 48. Kg2 c2 49. Nxc2 Nxc2 50. Kf3 Nd4+ 51. Ke4 Nb3 52. Kf3 Nc5 53. Bb5 Be5 54.
g4 Kf6 55. gxh5 gxh5 56. Be8 Bc3 57. Kf4 Be1 58. Ke3 Bxh4 59. Bxh5 Ke5 60. Be8 Be7 61.
Bc6 Bd6 62. Bb5 Ne6 63. Kd3 Bc5 64. Kc4 Nd4 65. Bd7 Kd6 66. Bh3 Nc6 67. Kb5 Ne5 68. Bf5 Kd5 69. Bh3 Kd4 70. Bf1 Kc3 71. Bg2 Kb3 72. Bd5+ Ka3 73. Be6 Nf3 74. Kc4 Nd4 75.
Bd7 Ne2 76. Bc6 Bb4 77. Bb5 Nc3 78. Bd7 Nxa4 79. Bb5 Nc3 80. Bd7 Kb2 81. Kd3 Bc5 82.
Kc4 a4 83. Kd3 a3 84. Be6 a2 85. Bxa2 Kxa2 86. Kc4 Kb2 87. Kd3 Kb3 88. Kd2 b5 89. Kc1 b4 0-1

[Event "*** Titled Tuesday Blitz"]
[Site "Chess.com"]
[Date "2021.02.02"]
[Round "8"]
[White "IriBu"]
[Black "IceBelka"]
[Result "0-1"]
[WhiteElo "2544"]
[BlackElo "2403"]
[TimeControl "180+1"]
[EndTime "11:32:06 PST"]
[Termination "IceBelka won by checkmate"]

1. e4 c5 2. Be2 Nc6 3. f4 g6 4. Nf3 Bg7 5. c3 e6 6. O-O d5 7. e5 Nge7 8. d4 b6 9. Be3 Bb7 10. Bf2 h5 11. Bh4 Qc7 12. Na3 a6 13. Rc1 Nf5 14. Bf2 c4 15. Nc2 b5 16. g3 Bf8 17.
Ne3 Nxe3 18. Bxe3 Ne7 19. Nh4 Ng8 20. b3 Be7 21. Nf3 Nh6 22. a4 Nf5 23. Bf2 Bc6 24. Ra1 Rb8 25. axb5 axb5 26. b4 O-O 27. Qd2 Ra8 28. h3 Rxa1 29. Rxa1 Ra8 30. Qb2 Qb7 31. g4 hxg4 32. hxg4 Rxa1+ 33. Qxa1 Ng7 34. Kg2 Qa8 35.
Qxa8+ Bxa8 36. Nh4 Bc6 37. Kg3 Bd7 38. Be3 Ne8 39. Bf3 Ng7 40. f5 gxf5 41. Bh6 fxg4 42. Bxg4 Bxh4+ 43. Kxh4 Kh7 44. Bg5 Kg6 45. Bf6 Be8 46.
Bd1 Nf5+ 47. Kh3 Ne3 48. Be2 Nf5 49. Kg2 Nh4+ 50. Kg3 Nf5+ 51. Kf4 Nh6 52. Bd1 Ng8 53. Bc2+ Kh5 54. Bg5 Bd7 55. Bh7 Nh6 56. Be7 Nf5 57. Bf6 Kh6 58. Bg8 Be8 59. Kf3 Kg6 60. Kf4 Nh6 61.
Bxf7+ Bxf7 62. Bh4 Nf5 63. Be1 Be8 64. Bd2 Kh5 65.
Be1 Nh6 66. Bf2 Nf7 67. Ke3 Ng5 68. Be1 Ne4 69. Kf4 Bg6 70. Ke3 Bf5 71. Kf4 Bh7 72. Ke3 Kg4 73. Ke2 Bf5 74. Ke3 Kh3 75. Kf3 Kh2 76. Kf4 Kg2 77. Ke3 Kf1 78. Bh4 Nxc3 79. Kd2 Ne4+ 80. Ke3 Kg2 81. Be7 c3 82. Bg5 Kf1 83.
Kd3 Ke1 84. Bc1 Kd1 85. Ba3 c2 86. Ke3 c1=Q+ 87. Bxc1 Kxc1 88. Kf4 Kc2 89. Ke3 Kc3 90. Kf4 Kxd4 91. Kf3 Kxe5 92. Kg2 Kd4 93. Kh1 Kd3 94. Kg2 Nc3 95. Kf3 e5 96. Kg3 e4 97. Kh4 e3 98.
Kg5 e2 99. Kh6 e1=Q 100. Kg7 Qf2 101. Kg8 Be4 102. Kh8 Qa7 103. Kg8 Bg6 104. Kf8 Qf7# 0-1

[Event "*** Titled Tuesday Blitz"]
[Site "Chess.com"]
[Date "2021.02.02"]
[Round "8"]
[White "DenLaz"]
[Black "PopMilan95"]
[Result "1/2-1/2"]
[WhiteElo "2809"]
[BlackElo "2619"]
[TimeControl "180+1"]
[EndTime "11:32:21 PST"]
[Termination "Game drawn - insufficient material"]

1. d4 Nf6 2. c4 g6 3. g3 Bg7 4. Bg2 O-O 5. Nc3 d6 6. Nf3 c6 7. O-O a6 8. e4 Bg4 9. h3 Bxf3 10. Bxf3 Nfd7 11. Be3 c5 12. Rc1 Nc6 13. dxc5 dxc5 14. Bg2 Nd4 15. f4 f5 16. e5 e6 17. Bxd4 cxd4 18. Qxd4 Qc7 19. Rfd1 Rf7 20. Qd6 Nf8 21. Qxc7 Rxc7 22. b3 g5 23. Ne2 gxf4 24. gxf4 Rac8 25.
Kf2 b5 26. cxb5 axb5 27. Rxc7 Rxc7 28. Rc1 Ra7 29. Rc2 Ng6 30. Kg3 Bh6 31. h4 Rg7 32. Rc8+ Kf7 33. Rc7+ Kf8 34. Rxg7 Bxg7 35. Nd4 Ke7 36.
h5 Nxe5 37. Nxb5 Nd3 38. a4 Bh6 39. Bf1 Nxf4 40. a5 Nd5 41. a6 Nb6 42. a7 Bg7 43.
Bg2 Be5+ 44. Kf2 Kf6 45. a8=Q Nxa8 46. Bxa8 Bb8 47. Bf3 e5 48. Nc3 e4 49. Bg2 Ke5 50.
Ke2 Kd4 51. Nb5+ Ke5 52. Nc3 Kd4 53. Nb1 f4 54. Nd2 f3+ 55. Bxf3 exf3+ 56. Nxf3+ Ke4 57.
Ng5+ Kf5 58. Nxh7 Kg4 59. Nf6+ Kg5 60. Nd7 Bd6 61. Kd3 Kxh5 62. Ke4 Kg6 63. Kd5 Ba3 64. Ke6 Kg7 65. Ne5 Kf8 66. Nc4 Bb4 67. Kd7 Kf7 68. Ne5+ Kf6 69. Nc6 Bc3 70. Ne7 Ke5 71. Kc6 Kd4 72.
Nd5 Be1 73. Kd6 Kd3 74. Kc5 Kc2 75. Kc4 Kb2 76. Nf4 Ka3 77. Nd3 Ba5 78. Nf2 Bd2 79.
Ne4 Ba5 80. Nd6 Be1 81. Nb5+ Kb2 82. Nd4 Ba5 83. Nc6 Bd2 84. Ne5 Ba5 85. Nd3+ Ka3 86. Nf4 Be1 87. Ne6 Ba5 88. Nc5 Be1 89. Nb7 Bd2 90.
Nd6 Be1 91. Nb5+ Kb2 92. Nd4 Ba5 93. Kb5 Bc3 94. Nc6 Kxb3 1/2-1/2

[Event "*** Titled Tuesday Blitz"]
[Site "Chess.com"]
[Date "2021.02.02"]
[Round "8"]
[White "TokChess"]
[Black "Kostya_Nikologorskiy"]
[Result "1-0"]
[WhiteElo "2502"]
[BlackElo "2660"]
[TimeControl "180+1"]
[EndTime "11:32:31 PST"]
[Termination "TokChess won by resignation"]

1. d4 d5 2. Bf4 Nf6 3. e3 c5 4. c3 Nc6 5. Nf3 Qb6 6. Qb3 c4 7. Qc2 g6 8. Be2 Bf5 9. Qc1 Nh5 10. Bg5 h6 11. Bh4 g5 12. Bg3 Nxg3 13. hxg3 Bg7 14. Nbd2 Rc8 15. Bd1 e5 16. dxe5 Nxe5 17. Nxe5 Bxe5 18.
Nf3 Bg7 19. Bc2 Bg4 20. Ba4+ Kd8 21. Qd2 Kc7 22. Qxd5 Qxb2 23. O-O Be6 24. Qd1 Qxc3 25. Rb1 Rhd8 26. Qe2 Qd3 27. Qe1 c3 28. Qc1 Kb8 29. Bc2 Qc4 30. Bb3 Qe4 31. Bc2 Qc6 32. Qa3 Bd5 33.
Rfc1 Bxf3 34. gxf3 Qxf3 35. Bd1 Qe4 36. Bc2 Qf3 37. Bd1 Qc6 38. Ba4 Qa6 39. Qe7 Rd2 40. Qxf7 Be5 41. Bd7 Rd8 42. Bg4 R2d6 43. Qe7 Bf6 44.
Qf7 Rb6 45. Rxb6 Qxb6 46. Bf3 Be5 47. Qh7 Bc7 48. Rb1 c2 49. Qxc2 Qa6 50. Rxb7+ Qxb7 51. Bxb7 Kxb7 52. Qb3+ Kc8 53. Qe6+ Kb7 54. Qxh6 Rd5 55.
Qg6 Rc5 56. Kg2 a5 57. Qe4+ Kb6 58. Qd4 Kc6 59. Qf6+ Kb5 60. Qb2+ Kc6 61. a4 Bd6 62. Qf6 Kd5 63. Qf7+ Kc6 64. Qe8+ Kb6 65. Qd8+ Bc7 66.
Qe8 Re5 67. Qa8 Kc5 68. Qa6 Rd5 69. Qb5+ Kd6 70. Qa6+ Kd7 71. f4 g4 72. Qg6 Rd2+ 73.
Kf1 Bd6 74. Qxg4+ Kc6 75. Qf5 Bc5 76. Qe4+ Kb6 77. g4 Rb2 78. g5 Rb4 79. Qe6+ Kc7 80.
Qe8 Rb6 81. Qf7+ Kc6 82. g6 Rb1+ 83. Kf2 Rb2+ 84. Kf3 Rb7 85. Qe6+ Bd6 86. f5 Kc5 87. Qe4 Re7 88. Qd4+ Kc6 89. Qc4+ Kd7 90. e4 Be5 91. Qb5+ Kd6 92. Qd5+ Kc7 93. Qxa5+ Kd7 94. Qd5+ Kc7 95. Kg4 Re8 96. Kg5 Ba1 97. f6 Rxe4 98. Qxe4 1-0

[Event "*** Titled Tuesday Blitz"]
[Site "Chess.com"]
[Date "2021.02.02"]
[Round "8"]
[White "GigaQuparadze"]
[Black "kleopl"]
[Result "1-0"]
[WhiteElo "2963"]
[BlackElo "2510"]
[TimeControl "180+1"]
[EndTime "11:32:39 PST"]
[Termination "GigaQuparadze won on time"]

1. e4 c6 2. d4 d5 3. Nc3 a6 4.
Nf3 Bg4 5. h3 Bh5 6. Be3 e6 7.
Be2 Nf6 8. e5 Nfd7 9. O-O Bxf3 10. Bxf3 c5 11. Be2 cxd4 12. Bxd4 Nc6 13. Re1 Qc7 14. Bf1 Bb4 15. a3 Ba5 16. Kh1 Rc8 17.
Rb1 Nxd4 18. Qxd4 Bxc3 19. bxc3 b5 20. Re3 Nc5 21. Bd3 h5 22. Be2 Ne4 23. Bf3 Nxc3 24. Rb3 Na4 25. Qh4 Qxc2 26. Kh2 g6 27. Qf6 Rf8 28. Bxd5 Nc5 29. Rbc3 Qf5 30. Bb7 Qxf6 31. exf6 Rc7 32. Bf3 Kd7 33. Re1 Rd8 34. Rec1 Rdc8 35. Be2 Nb7 36. Rd1+ Ke8 37. Rcd3 Nc5 38. Rd6 Ne4 39.
Rxa6 Nxf6 40. Bxb5+ Kf8 41. Ra4 Nd5 42. Rd2 Nc3 43.
Rb4 Nxb5 44. Rxb5 Ra7 45. Ra2 Ra4 46. Rb4 Rca8 47. Rxa4 Rxa4 48. Kg3 Ke7 49. Kf3 Kd6 50. Ke3 Kd5 51. Kd3 e5 52. Kc3 f5 53. Kb3 Ra8 54.
Rd2+ Ke4 55. a4 f4 56. Re2+ Kf5 57. f3 g5 58. Kb4 Rb8+ 59. Kc5 Rc8+ 60. Kb6 Rb8+ 61.
Kc7 Ra8 62. Ra2 e4 63. fxe4+ Kxe4 64. a5 g4 65. hxg4 hxg4 66. Kb6 f3 67. Ra4+ Kf5 68. g3 f2 69. Rf4+ Ke5 70. Rxf2 Rb8+ 71. Kc7 Rb3 72. Ra2 Rxg3 73. a6 Rh3 74. a7 Rh7+ 75. Kc6 Rxa7 76.
Rxa7 g3 77. Ra2 Kf4 78. Kd5 Kf3 79. Ra3+ Kf2 80. Ke4 g2 81. Ra2+ Kf1 82. Kf3 g1=N+ 83. Ke3 Nh3 84. Rh2 Ng1 85. Rf2+ Ke1 86. Rb2 Kf1 87. Ra2 Nh3 88. Ra1+ Kg2 89. Ra8 Ng1 90. Rg8+ Kf1 91. Rg3 Ne2 92. Rf3+ Ke1 93. Rf2 Ng1 94. Rf8 Ne2 95. Ra8 Nc1 96. Rd8 Ne2 97. Rc8 Kf1 98.
Rf8+ Ke1 99. Ra8 Kf1 100. Ra1+ 1-0

[Event "*** Titled Tuesday Blitz"]
[Site "Chess.com"]
[Date "2021.02.02"]
[Round "8"]
[White "lachesisQ"]
[Black "Sanan_Sjugirov"]
[Result "1/2-1/2"]
[WhiteElo "3065"]
[BlackElo "2910"]
[TimeControl "180+1"]
[EndTime "11:32:47 PST"]
[Termination "Game drawn by agreement"]

1. b3 d5 2. Bb2 Bf5 3. d3 e6 4. Nd2 h6 5. g3 Nf6 6. Bg2 Bh7 7. Nh3 Nbd7 8. O-O Be7 9. e4 O-O 10. Nf4 c6 11. e5 Ne8 12. Nh5 a5 13. a4 b5 14. g4 bxa4 15. Rxa4 Nb6 16. Ra1 a4 17. f4 axb3 18. Nxb3 Na4 19. Bd4 c5 20. Bf2 c4 21.
dxc4 Nb2 22. Rxa8 Qxa8 23. Qe2 Qa6 24. Nc5 Qc8 25. Nd3 Qxc4 26. f5 exf5 27. Nhf4 Nc7 28. e6 Nxd3 29. exf7+ Rxf7 30. Nxd3 fxg4 31. Bg3 Rxf1+ 32.
Bxf1 Be4 33. Qxg4 Kh7 34. Nf2 Qc5 35. Bxc7 Qxc7 36. Nxe4 dxe4 37. Qxe4+ Kg8 38. Bc4+ Kh8 39. Bd3 Kg8 40. Qd5+ Kf8 41. Qf5+ Bf6 42. Qh7 Qc5+ 43. Kf1 Qe5 44. Qg6 Qf4+ 45. Ke2 Qxh2+ 46. Kd1 Qh1+ 47. Kd2 Qh2+ 48. Ke3 Qe5+ 49. Kf3 Qd5+ 50. Be4 Qg5 51. Qh7 Qh5+ 52. Kg2 Qg4+ 53. Kf1 Qf4+ 54. Ke2 Bd4 55.
Kd3 Qe3+ 56. Kc4 Bf6 57. Qf5 Qd4+ 58. Kb3 Qc3+ 59. Ka4 Qc4+ 60. Ka3 Ke7 61. Bd3 Qc3+ 62. Ka4 Qd4+ 63. c4 Be5 64. Qf3 Bd6 65. Qb7+ Kf6 66. Qf3+ Ke7 67. Qe2+ Kd8 68. Kb3 Qb6+ 69. Kc2 Qa5 70.
Qe4 Qa2+ 71. Kd1 Qa1+ 72. Ke2 Qe5 73. Kf3 Qf6+ 74. Kg2 Qg5+ 75. Kf1 Kc7 76. Ke2 Qf6 77. Qf5 Qb2+ 78. Kf3 Qd4 79. Qf7+ Kb6 80. Qg6 Kc5 81. Qf5+ Kb4 82. Ke2 Qb2+ 83. Kf3 Qd4 84. Ke2 Kb3 85. Qf3 Kb2 86. Kf1 Bc5 87. Qe2+ Ka3 88. Qf3 Qg1+ 89. Ke2 Kb4 90. Be4 Qh2+ 91. Kd1 Qb2 92. Bd5 Qa1+ 93.
Ke2 Qb2+ 94. Kf1 Qc1+ 95. Ke2 Qc2+ 96. Kf1 Qd2 97. Qg3 Bd4 98. Qd6+ Kc3 99. Qg3+ Kb2 100. Qg2 Qxg2+ 101. Kxg2 Kc3 102. Kf3 Bc5 103. Kg4 Kd4 104.
Kh5 Bb4 1/2-1/2

[Event "*** Titled Tuesday Blitz"]
[Site "Chess.com"]
[Date "2021.02.02"]
[Round "8"]
[White "sorrm8thatscheckm8"]
[Black "KeithArkell"]
[Result "0-1"]
[WhiteElo "2544"]
[BlackElo "2450"]
[TimeControl "180+1"]
[EndTime "11:32:48 PST"]
[Termination "KeithArkell won on time"]

1. d4 e6 2. c4 Bb4+ 3. Bd2 Bxd2+ 4. Nxd2 d6 5. Ngf3 Qe7 6. e4 e5 7. d5 a5 8. Bd3 Nd7 9. h3 Nc5 10. Bc2 Nf6 11. g4 h6 12. Qe2 Nh7 13. O-O-O a4 14. Rdg1 Nf8 15. h4 Ng6 16. Ne1 Nf4 17. Qe3 Bd7 18.
Ng2 Qf6 19. Nxf4 exf4 20. Qc3 Qxc3 21. bxc3 f6 22. Nf3 Ke7 23. Nd4 g5 24. a3 Rag8 25.
f3 Ra8 26. Kd2 Kf7 27. Rb1 Kg7 28. Ne2 b6 29. Rbg1 Be8 30. hxg5 hxg5 31. Rxh8 Kxh8 32.
Rh1+ Kg7 33. Nd4 Bd7 34. Bd3 Rb8 35. Bc2 Ra8 36. Nb5 Bxb5 37. cxb5 Nd7 38. Bd3 Ne5 39. Be2 Ra5 40. c4 Ra8 41. Kc3 Rf8 42. Kb4 Ra8 43. Rh3 Nd7 44. Bd1 Nc5 45. Bc2 Rh8 46. Rxh8 Kxh8 47.
Bxa4 Kg7 48. Bc2 Kf7 49. a4 Nb7 50. Bd1 Ke7 51. Bb3 Na5 52. Bc2 Kd8 53. e5 fxe5 54. Kc3 Ke7 55. Bg6 Kf6 56. Bf5 Nb7 57. Be4 Nc5 58.
Bc2 e4 59. Bxe4 Nxa4+ 60. Kd4 Nc5 61. Bc2 Nd7 62. Bf5 Ne5 63. Be4 Nf7 64. Bf5 Ke7 65.
Be4 Nh8 66. Bf5 Kf6 67. Be4 Nf7 68. Bh7 Nd8 69. Bf5 Nb7 70. Bc2 Nc5 71. Bd1 Kg6 72. Bc2+ Kg7 73. Bf5 Kf6 74. Bc2 Nd7 75. Bb1 Ne5 76. Be4 Nd7 77. Kc3 Ke5 78. Bh7 Nc5 79. Bc2 Nb7 80. Bh7 Nc5 81. Bc2 Nd7 82. Bh7 Nf6 83. Bd3 Ng8 84. Bh7 Ne7 85. Bd3 Kf6 86. Kd4 Ng6 87. Be4 Nh4 88. Kd3 Ke5 89. Kc3 Ng2 90.
Kd3 Ne3 91. Kc3 Nxg4 92. Bh7 Nf6 93. Bd3 g4 94. fxg4 Nxg4 95. Kd2 Kd4 96. Be2 Ne5 0-1

[Event "*** Titled Tuesday Blitz"]
[Site "Chess.com"]
[Date "2021.02.02"]
[Round "9"]
[White "losersgame"]
[Black "Make_it_shine060"]
[Result "0-1"]
[WhiteElo "2347"]
[BlackElo "2174"]
[TimeControl "180+1"]
[EndTime "11:40:41 PST"]
[Termination "Make_it_shine060 won by resignation"]

1. d4 Nf6 2. c4 g6 3. Nc3 d5 4. cxd5 Nxd5 5. e4 Nxc3 6. bxc3 Bg7 7. Nf3 c5 8. Be3 O-O 9. Rc1 Qa5 10. Qd2 Rd8 11. d5 Bg4 12. c4 Qxd2+ 13. Kxd2 Nc6 14.
Ke1 Nd4 15. Kd2 Nxf3+ 16. gxf3 Bxf3 17. Bxc5 Bxh1 0-1

[Event "*** Titled Tuesday Blitz"]
[Site "Chess.com"]
[Date "2021.02.02"]
[Round "9"]
[White "Sergey85Rodchenkov"]
[Black "Camels1981"]
[Result "1-0"]
[WhiteElo "2501"]
[BlackElo "2290"]
[TimeControl "180+1"]
[EndTime "11:41:17 PST"]
[Termination "Sergey85Rodchenkov won by checkmate"]

1. e4 c5 2. Nf3 d6 3. d4 cxd4 4. Nxd4 Nf6 5. Nc3 a6 6. Bc4 e6 7. Bb3 Nbd7 8. f4 Nc5 9. f5 Nxb3 10. axb3 e5 11. Nde2 Be7 12. Bg5 O-O 13. Bxf6 Bxf6 14. O-O b5 15. Ng3 Bb7 16. Nh5 Rc8 17. Qg4 Kh8 18. Rfd1 b4 19. Nd5 Bxd5 20. Rxd5 Rxc2 21. Rxa6 Bg5 22. h4 Be3+ 23. Kh2 Bc5 24. Qxg7# 1-0